 Dungeon Crawl Stone Soup version bcrawl-1.39.1 (webtiles) character file.

Game seed: 2827427373391786628

307404 Finalfun the Geomancer (level 11, 0/84 HPs)
             Began as a Sand Dwarf Earth Elementalist on Sept 22, 2023.
             Was a Believer of Qazlal.
             Slain by a komodo dragon (12 damage)
             ... while petrified by a basilisk
             ... on level 7 of the Dungeon.
             The game lasted 00:40:09 (10178 turns).

Finalfun the Geomancer (SDEE)                      Turns: 10178, Time: 00:40:09

Health: 0/84       AC:  8    Str: 15    XL:     11   Next: 13%
Magic:  29/29      EV:  3    Int: 21    God:    Qazlal [**....]
Gold:   191        SH:  0    Dex: 11    Spells: 9/22 levels left

rFire    . . .     GDR:     27% g - +0 short sword
rCold    . . .     SeeInvis +   A - +0 buckler
rNeg     + + +     Gourm    .   z - +0 scale mail
rPois    ∞         Faith    .   f - +1 hat
rElec    .         Spirit   .   (no cloak)
rCorr    .         Reflect  .   (no gloves)
MR       +....                  (no boots)
Stlth    ..........             w - amulet of the acrobat
HPRegen  0.24/turn              n - ring of magical power
MPRegen  0.21/turn              h - ring of see invisible

@: petrified, slow
A: small, clever 1, slowness 1, strong 1, armour attunement
a: Upheaval, Renounce Religion


You were on level 7 of the Dungeon.
You worshipped Qazlal.
Qazlal was pleased with you.
You were not hungry.

You visited 2 branches of the dungeon, and saw 8 of its levels.
You also visited: Sewer.

You collected 444 gold pieces.
You spent 253 gold pieces at shops.

Inventory:

Hand Weapons
 g - a +0 short sword (weapon)
 p - a +0 whip of holy wrath
Missiles
 b - 229 stones
 l - 57 exploding tomahawks (quivered)
 t - 2 throwing nets {=f}
 v - 775 arrows
Armour
 f - a +1 hat (worn)
 z - a +0 scale mail (worn)
 A - a +0 buckler (worn)
 I - a +2 robe of resistance
Jewellery
 c - an uncursed amulet of rage
 h - a ring of see invisible (right hand)
 n - a ring of magical power (left hand)
 w - an amulet of the acrobat (around neck)
Wands
 B - a wand of scattershot (8)
Scrolls
 d - 4 scrolls of remove curse
 i - a scroll of identify
 k - 8 scrolls of teleportation
 o - a scroll of revelation
 r - a scroll of enchant armour {unknown}
 s - 2 scrolls of enchant weapon {unknown}
 y - 3 scrolls of fog {unknown}
 C - 4 scrolls of blinking {unknown}
 J - 2 scrolls of amnesia {unknown}
Potions
 a - 5 potions of flight
 j - a potion of berserk rage {unknown}
 m - 3 potions of mutation
 q - 2 potions of resistance
 u - a potion of heal wounds
 x - 5 potions of curing
 D - a potion of agility {unknown}
 E - 4 potions of might
 F - a potion of invisibility {unknown}
 G - a potion of magic
 H - a potion of cancellation {unknown}
Comestibles
 e - 4 rations {!d}
 K - a chunk of flesh


   Skills:
 - Level 4.0 Fighting
 - Level 2.0 Maces & Flails
 - Level 4.0 Armour
 - Level 4.0 Dodging
 - Level 2.0 Stealth
 - Level 1.1 Unarmed Combat
 - Level 6.0 Spellcasting
 - Level 3.0 Conjurations
 - Level 3.0 Transmutations
 + Level 12.2 Earth Magic
 - Level 6.0 Invocations
 - Level 5.0 Evocations


You had 9 spell levels left.
You knew the following spells:

 Your Spells              Type           Power        Failure   Level  Hunger
a - Sandblast             Erth           ######       1%          1    None
b - Stone Arrow           Conj/Erth      #####.       5%          3    ##.....
c - Lee's Rapid Deconstr  Erth           ######....   8%          5    #####..
d - Petrify               Tmut/Erth      #####.....   19%         4    ####...

Your spell library contained the following spells:

 Spells                   Type           Power        Failure   Level  Hunger
 Passwall                 Tmut/Erth      #####...     2%          2    None


Dungeon Overview and Level Annotations

Branches:
Dungeon (7/12)             Temple (0/1) D:6            Lair (1/6) D:7

Altars:
Dithmenos
Elyvilon
Gozag
Lugonu
Okawaru
Qazlal
Ru
Sif Muna
Uskayaw
Yredelemnul
The Shining One

Shops:
D:5 =   D:7 =

Annotations:
D:3 1 runed door


Innate Abilities, Weirdness & Mutations

You are small and have problems with some larger weapons.
You cover ground slowly.
Armour does not affect your spellcasting.
Your mind is acute. (Int +2)
Your muscles are strong. (Str +2)


Message History

The wolf barely misses you. The wolf bites you. x2
The komodo dragon bites you but does no damage.
A rune on the stairs sparks and fizzles.
You climb upwards.
Welcome back to the Dungeon!
You have turned to stone.
The wolf is engulfed in blazing flames.
The wolf barely misses you. The wolf bites you.
The wolf is engulfed in blazing flames.
The wolf bites you. The wolf bites you but does no damage.
The komodo dragon bites you.
The wolf is engulfed in blazing flames.
You kill the wolf!
Qazlal accepts your kill. The wolf bites you but does no damage.
The komodo dragon bites you!! The wolf bites you but does no damage.
The wolf bites you!
* * * LOW HITPOINT WARNING * * *
The komodo dragon bites you!!
* * * LOW HITPOINT WARNING * * *
The wolf bites you!
* * * LOW HITPOINT WARNING * * *
The wolf bites you but does no damage. The komodo dragon bites you!!
You die...

##.##.#.##..)...............#
#.##.#.##.########.#######.##
#.##......########.#.####...##
#.####.####..........††...#...
####.####.####.....####..###...##
..........##.........##### ##.##
####......#........P..## #.#
.............P.........## #.#
.###............@l......# #.#
.###.....#.....÷.h.P....# #.#
.....#.####...........#.# #.#
..####.# ##.........##.#####.#
..# #.# #####.....####.......#
..# #.# #.#.###.### ##....####
..####.###.#.##..# ###.....#
................## #.......##
.......###.###.#####....._..#


You could see a komodo dragon and a wolf.

Vanquished Creatures
  Pikel (D:5)
  An elephant (D:7)
  3 komodo dragons (D:7)
  A troll (D:7)
  3 hippogriffs
  Sigmund (D:6)
  Eustachio (D:6)
  8 yaks
  Menkaure (D:6)
  A water moccasin (Lair:1)
  4 crocodiles
  Duvessa (D:3)
  A slave (D:5)
  An ice beast (D:4)
  3 sky beasts
  3 wolves (D:7)
  An ogre (D:3)
  A kobold brigand (D:7)
  4 bullfrogs
  Blork the orc (D:4)
  A centaur (D:7)
  A wyvern skeleton (D:7)
  A scorpion (D:6)
  Dowan (D:4)
  A vampire bat (D:5)
  An electric eel (Lair:1)
  2 orc priests (D:5)
  5 crimson imps
  A bullfrog zombie (D:5)
  7 hounds
  A jelly (D:5)
  5 orc wizards
  2 bullfrog skeletons (D:6)
  Terence (D:2)
  An iguana (D:7)
  5 worker ants
  A killer bee zombie (D:6)
  3 worker ant zombies
  13 gnolls
  A howler monkey zombie (D:6)
  9 adders
  A river rat (D:6)
  An ooze (Sewer)
  6 worms
  3 dart slugs
  3 fire bats (D:5)
  7 leopard geckos
  15 orcs
  2 spectral bats (D:5)
  3 bat skeletons (D:5)
  A bat zombie (D:5)
  5 giant cockroaches
  6 goblins
  7 hobgoblins
  4 jackals (Sewer)
  2 quokkas
  6 ball pythons
  14 bats
  A bat simulacrum (D:5)
  3 frilled lizards
  A jackal skeleton (D:4)
  11 kobolds
  4 rats
210 creatures vanquished.

Vanquished Creatures (others)
  5 bats (D:5)
  A howler monkey (D:5)
  An orc (D:5)
  A fungus (D:7)
8 creatures vanquished.

Grand Total: 218 creatures vanquished

Notes
Turn   | Place    | Note
-------+----------+-------------------------------------------
     0 | D:1      | Finalfun the Sand Dwarf Earth Elementalist began the quest
                  | for the Orb.
     0 | D:1      | Reached XP level 1. HP: 14/14 MP: 3/3
   180 | D:1      | Reached XP level 2. HP: 20/20 MP: 5/5
   266 | D:1      | Reached skill level 4 in Earth Magic
   415 | D:1      | Reached skill level 1 in Fighting
   443 | D:1      | Reached XP level 3. HP: 28/28 MP: 6/6
  1418 | D:1      | Reached skill level 1 in Armour
  1454 | D:2      | Reached XP level 4. HP: 32/36 MP: 2/7
  1462 | D:1      | Learned a level 3 spell: Stone Arrow
  1511 | D:2      | Noticed Terence
  1543 | D:2      | Gained mutation: Your mind is acute. (Int +2) [potion of
                  | mutation]
  1543 | D:2      | Gained mutation: Your muscles are strong. (Str +2) [potion
                  | of mutation]
  1547 | D:2      | Killed Terence
  2009 | D:2      | Reached XP level 5. HP: 29/41 MP: 5/8
  2157 | D:2      | Reached skill level 1 in Conjurations
  2446 | D:3      | Noticed an ogre
  2532 | D:3      | Killed an ogre
  2533 | D:3      | Reached XP level 6. HP: 35/48 MP: 2/9
  3147 | D:3      | Found a runed door.
  3588 | D:4      | Noticed Dowan
  3590 | D:4      | Noticed Duvessa
  3591 | D:4      | Killed Dowan
  3880 | D:3      | Killed Duvessa
  3881 | D:3      | Reached skill level 5 in Earth Magic
  3881 | D:3      | Reached XP level 7. HP: 41/55 MP: 0/10
  3974 | D:4      | Found a corrupted altar of Lugonu.
  4221 | D:4      | Reached skill level 6 in Earth Magic
  4231 | D:3      | Learned a level 5 spell: Lee's Rapid Deconstruction
  5091 | D:4      | Noticed Blork the orc
  5102 | D:4      | Killed Blork the orc
  5103 | D:4      | Reached skill level 7 in Earth Magic
  5235 | D:4      | Found a white marble altar of Elyvilon.
  5364 | D:5      | Entered Level 5 of the Dungeon
  5377 | D:5      | Reached XP level 8. HP: 50/61 MP: 4/11
  5386 | D:5      | Reached skill level 8 in Earth Magic
  5455 | D:5      | Found a basalt altar of Yredelemnul.
  5740 | D:5      | Noticed Pikel
  5765 | D:5      | Killed Pikel
  5771 | D:5      | Learned a level 4 spell: Petrify
  5879 | D:5      | Reached skill level 1 in Transmutations
  5884 | D:5      | Reached XP level 9. HP: 68/71 MP: 8/15
  6182 | D:5      | Found a shadowy altar of Dithmenos.
  6184 | D:5      | Found a stormy altar of Qazlal.
  6199 | D:5      | Found a hide-covered altar of Uskayaw.
  6212 | D:5      | Found an opulent altar of Gozag.
  6226 | D:5      | Found an iron altar of Okawaru.
  6254 | D:5      | Became a worshipper of Qazlal Stormbringer
  6720 | D:5      | Found Waesuur's Jewellery Shoppe.
  6733 | D:5      | Bought an uncursed ring of magical power for 253 gold
                  | pieces
  6909 | D:6      | Reached skill level 9 in Earth Magic
  6914 | D:6      | Found a glowing drain.
  6972 | Sewer    | Entered a sewer
  7245 | Sewer    | Reached * piety under Qazlal
  7436 | D:6      | Found a staircase to the Ecumenical Temple.
  7542 | D:6      | Noticed Sigmund
  7544 | D:6      | Reached skill level 10 in Earth Magic
  7577 | D:6      | Killed Sigmund
  7721 | D:6      | Reached skill level 1 in Evocations
  7824 | D:6      | Noticed Menkaure
  7847 | D:6      | Killed Menkaure
  7950 | D:6      | Noticed Eustachio
  7954 | D:6      | Killed Eustachio
  8030 | D:6      | Reached skill level 11 in Earth Magic
  8031 | D:6      | Reached XP level 10. HP: 71/78 MP: 6/16
  8032 | D:6      | Reached skill level 5 in Evocations
  8645 | D:7      | Reached skill level 12 in Earth Magic
  8708 | D:7      | Reached skill level 1 in Invocations
  8851 | D:7      | Noticed an elephant
  8868 | D:7      | Killed an elephant
  9016 | D:7      | Reached ** piety under Qazlal
  9281 | D:7      | Found a staircase to the Lair.
  9357 | D:7      | Found a sacrificial altar of Ru.
  9360 | D:7      | Found a glowing golden altar of the Shining One.
  9471 | D:7      | Found a shimmering blue altar of Sif Muna.
  9599 | D:7      | Found Harirov's Jewellery Shoppe.
  9791 | Lair:1   | Entered Level 1 of the Lair of Beasts
  9793 | Lair:1   | Reached skill level 5 in Invocations
  9921 | D:7      | Reached skill level 5 in Spellcasting
  9921 | D:7      | Reached XP level 11. HP: 53/84 MP: 1/19
 10178 | D:7      | Slain by a komodo dragon

Skill      XL: |  1  2  3  4  5  6  7  8  9 10 11 |
---------------+----------------------------------+-----
Earth Magic    | 4 5 7 8 11 12 | 12.2
Dodging        | 2 4 |  4.0
Stealth        | 2 |  2.0
Fighting       | 1 2 4 |  4.0
Armour         | 2 3 4 |  4.0
Conjurations   | 2 3 |  3.0
Spellcasting   | 4 5 6 |  6.0
Transmutations | 1 3 |  3.0
Evocations     | 4 5 |  5.0
Invocations    | 6 |  6.0
Maces & Flails | 2 |  2.0
Unarmed Combat | |  1.1

Action                   |  1- 3 |  4- 6 |  7- 9 | 10-12 || total
-------------------------+-------+-------+-------+-------++-------
Melee: Unarmed           |    22 |       |       |       ||    22
       Short sword       |    67 |   183 |   296 |    24 ||   570
       Punch             |       |       |     2 |       ||     2
Throw: Stone             |     5 |     2 |     1 |       ||     8
       Tomahawk          |       |       |    10 |    25 ||    35
 Cast: Sandblast         |    14 |    15 |    17 |     8 ||    54
       Stone Arrow       |       |    37 |   103 |    73 ||   213
       Lee's Rapid Decon |       |       |     5 |     5 ||    10
       Petrify           |       |       |     3 |     2 ||     5
  Use: Scroll            |     3 |     2 |     4 |       ||     9
       Potion            |       |     3 |     3 |       ||     6
 Stab: Petrified         |       |       |    29 |     4 ||    33
  Eat: Chunk             |     4 |    14 |    25 |    16 ||    59
       Ration            |       |     3 |     5 |     2 ||    10
Armor: Ring mail         |    26 |    55 |       |       ||    81
       Robe              |     1 |       |       |       ||     1
       Scale mail        |       |    26 |   168 |    31 ||   225
Dodge: Dodged            |    72 |   192 |   331 |    55 ||   650
Block: Other             |       |       |       |     5 ||     5
       Buckler           |       |       |       |     9 ||     9
